 Dungeon Crawl Stone Soup version 0.30-a0-234-g97d66968fd (webtiles) character file.

Game seed: 14937322913169020350

260 Morbidden the Shooter (level 6, 0/46 HPs)
             Began as a Formicid Hunter on Oct 10, 2022.
             Slain by Pikel
             ... wielding a +0 whip of flaming
              (4 damage)
             ... on level 4 of the Dungeon.
             The game lasted 00:02:24 (2154 turns).

Morbidden the Shooter (Formicid Hunter)             Turns: 2154, Time: 00:02:25

Health: 0/46       AC:  9    Str: 15    XL:     6   Next: 41%
Magic:  0/18       EV:  7    Int:  9    God:
Gold:   68         SH:  0    Dex: 19    Spells: 9/9 levels left

rFire   . . .      SeeInvis +    b - +0 long sword
rCold   . . .      Faith    .    (no shield)
rNeg    . . .      Spirit   +    j - +0 chain mail
rPois   .          Reflect  .    (helmet unavailable)
rElec   .          Harm     .    u - +0 cloak
rCorr   .          Rampage  .    (no gloves)
Will    .....                    (no boots)
Stlth   ..........               p - amulet of guardian spirit
HPRegen 0.27/turn                t - ring of magical power
MPRegen 0.16/turn                (no ring)

@: no status effects
A: permanent stasis, dig shafts and tunnels, antennae 3, four strong arms
a: Dig, Shaft Self


You were on level 4 of the Dungeon.
You visited 1 branch of the dungeon, and saw 4 of its levels.

You collected 68 gold pieces.

Inventory:

Hand Weapons
 a - a +0 shortbow
 b - a +0 long sword (weapon)
 k - a +2 dagger of holy wrath
Missiles
 q - 4 silver javelins
Armour
 j - a +0 chain mail (worn)
 u - a +0 cloak (worn)
Jewellery
 p - an amulet of guardian spirit (around neck)
 t - a ring of magical power (left hand)
Scrolls
 d - a scroll of immolation
 g - 2 scrolls of poison {unknown}
 i - a scroll of amnesia {unknown}
 l - 4 scrolls of identify {unknown}
 m - 4 scrolls of vulnerability {unknown}
 n - a scroll of magic mapping {unknown}
 r - a scroll of enchant weapon {unknown}
Potions
 e - 2 potions of brilliance {unknown}
 f - a potion of flight {unknown}
 h - 2 potions of curing {unknown}
 o - a potion of magic {unknown}
 s - a potion of lignification {unknown}


   Skills:
 * Level 2.9 Fighting
 + Level 0.4(1.0) Short Blades
 * Level 1.4(1.5) Long Blades
 * Level 5.6 Ranged Weapons
 * Level 1.6 Armour
 * Level 2.2 Dodging
 + Level 1.2 Stealth
 * Level 2.3 Spellcasting


You had 9 spell levels left.
You didn't know any spells.
Your spell library contained the following spells:

 Spells                   Type           Power      Damage    Failure   Level
 Dazzling Flash           Conj/Hex       2%         N/A       100%        3
 Iskenderun's Mystic Bla  Conj/Tloc      1%         2d3       100%        4
 Agony                    Necr           1%         N/A       100%        5
 Silence                  Hex/Air        0%         N/A       100%        5
 Starburst                Conj/Fire      0%         6d3       100%        6


Dungeon Overview and Level Annotations

Branches:
Dungeon (4/15)
 Temple: D:4-7

Altars:
Gozag

Annotations:
D:3 1 runed translucent door, ifgb's ghost, amateur SpEn
D:4 Pikel


Innate Abilities, Weirdness & Mutations

You cannot be hasted, slowed, berserked, paralysed or teleported.
You can dig through walls and to a lower floor.
You have a pair of large antennae on your head. (SInv)
Your four strong arms can wield two-handed weapons with a shield.


Message History

You miss Pikel.
Pikel is severely wounded.
Pikel closely misses you.
You barely miss Pikel.
Pikel is severely wounded.
Pikel barely misses you.
You closely miss Pikel.
Pikel is severely wounded.
Pikel hits you with a +0 whip of flaming.
Pikel burns you.
Pikel hits you with a +0 whip of flaming.
Pikel burns you.
You hit Pikel.
Pikel is severely wounded.
Pikel completely misses you.
You closely miss Pikel.
Pikel is severely wounded.
Pikel hits you with a +0 whip of flaming.
Pikel burns you.
You hit Pikel.
Pikel is severely wounded.
Pikel hits you with a +0 whip of flaming.
Pikel burns you. Pikel barely misses you.
You hit Pikel.
Pikel is almost dead.
Pikel closely misses you.
Unknown command.
You barely miss Pikel.
Pikel is almost dead.
Pikel waves his whip at you.
Pikel hits you with a +0 whip of flaming.
Pikel burns you.
You barely miss Pikel.
Pikel is almost dead.
Pikel hits you with a +0 whip of flaming!
* * * LOW HITPOINT WARNING * * *
Pikel burns you.
* * * LOW HITPOINT WARNING * * *
Pikel hits you with a +0 whip of flaming.
You die...

####
#...5##################
#55K@................
#.5###########.######
#. #.# .. #.# #. #.# #
#.# #.# #.######
###.......


You could see Pikel and 4 lemures.

Vanquished Creatures
  A phantom (D:4)
  A necrophage (D:4)
  4 adders
  5 worms
  2 dart slugs
  2 orcs (D:3)
  3 ball pythons
  7 endoplasms
  4 giant cockroaches
  4 goblins
  7 hobgoblins
  2 jackals (D:1)
  3 quokkas
  2 bats
  6 frilled lizards
  10 kobolds
  6 rats
69 creatures vanquished.

Notes
Turn   | Place    | Note
-------+----------+-------------------------------------------
     0 | D:1      | Morbidden the Formicid Hunter began the quest for the Orb.
     0 | D:1      | Reached XP level 1. HP: 16/16 MP: 1/1
    45 | D:1      | Found a faded altar of an unknown god.
   104 | D:1      | Reached XP level 2. HP: 22/22 MP: 2/2
   391 | D:1      | Reached XP level 3. HP: 28/28 MP: 3/3
   552 | D:1      | You fall into a shaft and drop 1 floor!
   572 | D:2      | Reached skill level 1 in Spellcasting
   643 | D:2      | Reached XP level 4. HP: 34/34 MP: 5/5
   925 | D:2      | Found an opulent altar of Gozag.
  1253 | D:3      | Reached skill level 5 in Ranged Weapons
  1254 | D:3      | Found a runed translucent door.
  1263 | D:3      | Noticed a bullfrog
  1264 | D:3      | Noticed ifgb's ghost (amateur SpEn)
  1294 | D:3      | Reached skill level 1 in Long Blades
  1535 | D:3      | Reached XP level 5. HP: 39/39 MP: 6/6
  1824 | D:4      | Reached skill level 1 in Armour
  2025 | D:4      | Noticed a phantom
  2038 | D:4      | Killed a phantom
  2039 | D:4      | Reached XP level 6. HP: 31/46 MP: 9/9
  2131 | D:4      | Noticed Pikel
  2154 | D:4      | Slain by Pikel

Illustrated notes

Levels and vault maps discovered:
D:1:      psy_arrival_radial01, layout_basic,
          hellmonk_ecumenical_altar_crossroads, hex_large, minmay_tetromino_o2
D:2:      layout_basic, basic_altar
D:3:      layout_rooms, ebering_ghost_sewer_d, minmay_quantized
D:4:      layout_loops_ring, uniq_blork_the_orc, uniq_pikel

Skill      XL: |  1  2  3  4  5 |
---------------+----------------+-----
Spellcasting   | 1 2 |  2.3
Ranged Weapons | 5 |  5.6
Long Blades    | 1 |  1.4
Armour         | 1 |  1.6
Dodging        | 2 |  2.2
Fighting       | |  2.9
Short Blades   | |  0.4
Stealth        | |  1.2

Action                   |  1- 3 |  4- 6 || total
-------------------------+-------+-------++-------
Melee: Dagger            |     2 |       ||     2
       Long sword        |       |    40 ||    40
 Fire: Shortbow          |    86 |   110 ||   196
Armor: Leather armour    |    14 |     6 ||    20
       Chain mail        |       |    15 ||    15
Dodge: Dodged            |    31 |    43 ||    74

Table legend: (Time is in decaauts)
 A = Elapsed time spent in this place.
 B = Non-inter-level travel time spent in this place.
 C = Inter-level travel time spent in this place.
 D = Time resting spent in this place.
 E = Time spent auto-exploring this place.
 F = Levels seen in this place.
 G = Mean time per level.
                   A        B        C        D        E       F      G
               +--------+--------+--------+--------+--------+-----+--------+
         Total |   2229 |   2198 |     31 |    180 |   1494 |   4 |  557.2 |
       Dungeon |   2229 |   2198 |     31 |    180 |   1494 |   4 |  557.2 |
               +--------+--------+--------+--------+--------+-----+--------+

Top non-repeatable levels by time:
     D:2: 648 daAuts
     D:3: 624 daAuts
     D:1: 573 daAuts
     D:4: 382 daAuts
